 Dungeon Crawl Stone Soup version 0.15.0-2-gd176ec0 (console) character file.

49 gw the Cudgeler (level 3, -2/40 HPs)
             Began as an Ogre Berserker on Aug 29, 2014.
             Was a Believer of Trog.
             Slain by a gnoll
             ... wielding a +0 whip
              (11 damage)
             ... on Level 2 of the Dungeon.
             The game lasted 00:00:39 (1432 turns).

gw the Cudgeler (Ogre Berserker)                    Turns: 1432, Time: 00:00:39

HP  -2/40        AC  3     Str 22      XL: 3   Next: 75%
MP   3/3         EV 10     Int  6      God: Trog [**....]
Gold 0           SH  0     Dex 10      Spells:  0 memorised,  2 levels left

rFire  . . .     SeeInvis .     a - +0 mace
rCold  . . .     Clarity  .     b - +0 animal skin
rNeg   . . .     rCorr    .     (shield restricted)
rPois  .         rRot     .     (helmet restricted)
rElec  .         Spirit   .     (no cloak)
SustAb .         Warding  .     (gloves unavailable)
rMut   .         Stasis   .     (boots unavailable)
Gourm  .                        (no amulet)
MR     ++...                    (no ring)
                                (no ring)

@: regenerating, very resistant to hostile enchantments, very unstealthy
A: unfitting armour, tough skin 1
a: Burn Spellbooks, Berserk, Trog's Hand, Renounce Religion


You were on level 2 of the Dungeon.
You worshipped Trog.
Trog was pleased with you.
You were very hungry.

You visited 1 branch of the dungeon, and saw 2 of its levels.

Inventory:

Hand weapons
 a - a +0 mace (weapon)
Missiles
 d - 24 stones (quivered)
 j - 5 tomahawks
Armour
 b - a +0 animal skin (worn)
Comestibles
 c - 2 meat rations
 i - a bread ration
Scrolls
 e - a scroll of identify
 f - a scroll of remove curse {unknown}
 g - a scroll of magic mapping {unknown}
Potions
 k - a potion of haste


   Skills:
 + Level 4.5 Fighting
 * Level 4.6 Maces & Flails
 + Level 1.8 Throwing
 + Level 3.2 Dodging


You had 2 spell levels left.
You didn't know any spells.

Dungeon Overview and Level Annotations

Branches:
Dungeon (2/15)

Altars:


Innate Abilities, Weirdness & Mutations

You are too large for most types of armour.
You have tough skin (AC +1).


Message History

The gnoll hits you from afar with a halberd!
The gnoll hits you with a whip.
MOVING TO (-2,-3)
The gnoll hits you from afar with a halberd.
The gnoll hits you with a whip.
MOVING TO (-1,-3)
There is an open door here.
MOVING TO (-2,-2) Use which ability? (? or * to list)
Your skin crawls.
You feel resistant to hostile enchantments.
You are feeling very hungry.
The gnoll hits you with a whip. The gnoll closely misses you.
FLEEEEING!
ATTACKING (0,1)
You barely miss the gnoll. The gnoll hits you with a whip.
FLEEEEING!
ATTACKING (0,1)
You barely miss the gnoll. The gnoll hits you with a whip!
You die...

#... #... . #... #.
#... #. ##'# #. #.#
#. #.# #.######.#
#.# #.#O.....# #.#
#.#g######## #..
#..gg......#########
#..........'.....$..
#..........#########
#..........#
#..........#
#.........$#
#..........#


You could see 3 gnolls.

Table legend:
 A = Turns spent in this place as a percentage of turns spent in the entire game.
 B = Non-inter-level travel turns spent in this place as a percentage of non-inter-level travel turns spent in the entire game.
 C = Inter-level travel turns spent in this place as a percentage of turns spent in this place.
 D = Turns resting spent in this place as a percentage of non-inter-level travel turns spent in this place.
 E = Turns spent auto-exploring this place as a percentage of non-inter-level travel turns spent in this place.
 F = Non-inter-level travel turns spent in this place divided by the number of levels of this place that you've seen.
                   A       B       C       D       E      F
               +-------+-------+-------+-------+-------+----------------------
         Total | 100.0 | 100.0 |   1.5 |   9.4 |  19.7 | 160.0
       Dungeon | 100.0 | 100.0 |   1.5 |   9.4 |  19.7 | 160.0
               +-------+-------+-------+-------+-------+----------------------

Table legend:
 A = Kills in this place as a percentage of kills in entire the game.
 B = Kills by you in this place as a percentage of kills by you in the entire game.
 C = Kills by friends in this place as a percentage of kills by friends in the entire game.
 D = Other kills in this place as a percentage of other kills in the entire game.
 E = Experience gained in this place as a percentage of experience gained in the entire game.
 F = Experience gained in this place divided by the number of levels of this place that you have seen.
                   A       B       C       D       E      F
               +-------+-------+-------+-------+-------+----------------------
         Total | 100.0 | 100.0 |  -nan |  -nan | 100.0 |  35.0
       Dungeon | 100.0 | 100.0 |  -nan |  -nan | 100.0 |  35.0
               +-------+-------+-------+-------+-------+----------------------

Vanquished Creatures
  2 adders (D:2)
  A giant gecko (D:1)
  3 hobgoblins (D:1)
  A kobold (D:1)
  A ball python (D:1)
  3 bats (D:1)
  4 giant cockroaches
  2 giant newts (D:1)
  5 goblins
  A quokka (D:2)
  9 rats
32 creatures vanquished.

Notes
Turn   | Place    | Note
--------------------------------------------------------------
     0 | D:1      | gw, the Ogre Berserker, began the quest for the Orb.
     0 | D:1      | Reached XP level 1. HP: 24/24 MP: 1/1
   186 | D:1      | Reached XP level 2. HP: 28/32 MP: 2/2
   239 | D:1      | Reached skill level 1 in Throwing
   772 | D:1      | Acquired Trog's second power
   895 | D:2      | Reached XP level 3. HP: 40/40 MP: 3/3
  1432 | D:2      | Slain by a gnoll

Action                   || total
-------------------------++-------
Melee: Mace              ||    82
Throw: Stone             ||    66
Invok: Trog's Hand       ||     3
       Berserk           ||     2
  Use: Scroll            ||     3
       Potion            ||     1
  Eat: Chunk             ||     3

Vault maps used:
D:1:      lightli_arrival_quake
